 Dungeon Crawl Stone Soup version 0.31.0-12-g77e489cdc1 (webtiles) character file.

Game seed: 13580694961255794690

524 Stjerneklar the Poker (level 7, -1/55 HPs)
             Began as a Merfolk Monk on Feb 23, 2024.
             Killed by nerve-wracking pain
             ... invoked by Menkaure
              (4 damage)
             ... on level 4 of the Dungeon.
             The game lasted 00:06:39 (4039 turns).

Stjerneklar the Poker (Merfolk Monk)                Turns: 4039, Time: 00:06:39

Health: -1/55      AC:  7    Str:  9 (11) XL:     7   Next: 22%
Magic:  7/7        EV: 11    Int:  9 (12) God:
Gold:   121        SH:  5    Dex: 13 (16) Spells: 6/6 levels left

rFire   + . .        a - +0 spear
rCold   . . .        b - +0 buckler
rNeg    . . .        i - +0 acid dragon scales
rPois   +            (helmet restricted)
rElec   .            (no cloak)
rCorr   +            (no gloves)
SInv    .            m - +0 pair of boots
Will    .....        (no amulet)
Stlth   +            Z - ring of wizardry
HPRegen 0.29/turn    (no ring)
MPRegen 0.10/turn

%: wizardry (x1)
@: no status effects
A: (nimble swimmer 2), mertail, horns 1, fire resistance 1, poison resistance,
MP-powered wands
a: no special abilities


You were on level 4 of the Dungeon.
You visited 1 branch of the dungeon, and saw 4 of its levels.

You collected 121 gold pieces.


Innate Abilities, Weirdness & Mutations

((You are very nimble when in or above water. (Stealth+, EV+, Speed+++)))
Your lower body shifts to a powerful aquatic tail in water.
You have a pair of small horns on your head.
Your flesh is heat resistant. (rF+)
Your system is resistant to poisons. (rPois)
You expend magic power (3 MP) to strengthen your wands.


   Skills:
 + Level 4.8 Fighting
 + Level 6.3 Polearms
 - Level 4.0 Dodging
 + Level 5.2 Shields


You had 6 spell levels left.
You didn't know any spells.
Your spell library contained the following spells:

 Spells                   Type           Power      Damage    Failure   Level
 Sting                    Conj/Alch      0%         1d3       36%         1
 Lesser Beckoning         Tloc           0%         N/A       50%         2
 Mercury Vapours          Alch/Air       0%         N/A       50%         2
 Gell's Gravitas          Tloc           0%         N/A       71%         3
 Teleport Other           Tloc           0%         N/A       71%         3
 Volatile Blastmotes      Fire/Tloc      0%         2d10      71%         3
 Anguish                  Hex/Necr       0%         N/A       98%         4
 Cause Fear               Hex            0%         N/A       98%         4
 Fulminant Prism          Conj/Alch      0%         3d5       98%         4
 Iskenderun's Mystic Bla  Conj/Tloc      0%         2d3       98%         4
 Olgreb's Toxic Radiance  Alch           0%         N/A       98%         4
 Enfeeble                 Hex            0%         N/A       100%        7

Inventory:

Hand Weapons
 a - a +0 spear (weapon)
Armour
 b - a +0 buckler (worn)
 d - an orb of light
 i - +0 acid dragon scales (worn)
 m - a +0 pair of boots (worn)
 o - a +2 helmet
 x - a +2 kite shield
Jewellery
 Z - a ring of wizardry (left hand)
Wands
 s - a wand of light (3)
 w - a wand of polymorph (6)
Scrolls
 e - a scroll of enchant armour {unknown}
 l - a scroll of summoning {unknown}
 n - a scroll of noise {unknown}
 p - 3 scrolls of identify {unknown}
 q - a scroll of silence {unknown}
 r - 2 scrolls of immolation {unknown}
 t - 2 scrolls of amnesia {unknown}
 u - a scroll of vulnerability {unknown}
 v - a scroll of teleportation {unknown}
Potions
 c - a potion of ambrosia
 f - 2 potions of haste {unknown}
 g - a potion of invisibility {unknown}
 h - 2 potions of curing {@q1}
 j - 2 potions of degeneration
 k - a potion of berserk rage {unknown}
 z - a potion of magic {unknown}

Dungeon Overview and Level Annotations

Branches:
Dungeon (4/15)
 Temple: D:4-7

Altars:
Xom
The Shining One

Annotations:
D:4 Edmund, Menkaure

#........# ###........#
#.#.......# ##.......<.####
#...........#.####
....####....###.##.....# ##
##..$#........#.........##.##
#......#.##.......)<).......#
#..............M@...........#
.........#.......###....>...#
.........##......# ##......###
.........##....#### #....<)..#
..................###.......##
......)............#........### .
...###)#......................#..
#. #.#......................... o
#)#M......##............###.


You could see Menkaure (fast).


Message History

Menkaure is moderately damaged.
You block Menkaure's attack.
Unknown command.
You hit Menkaure.
You headbutt Menkaure, but do no damage.
Menkaure is heavily damaged.
You block Menkaure's attack.
You hit Menkaure but do no damage.
Menkaure is heavily damaged.
Menkaure hits you.
* * * LOW HITPOINT WARNING * * *
Unknown command.
You hit Menkaure but do no damage.
Menkaure is heavily damaged.
Menkaure hits you!
* * * LOW HITPOINT WARNING * * *
You hit Menkaure. You headbutt Menkaure.
Menkaure is severely damaged.
Menkaure calls on the powers of darkness!
You feel a surge of unholy energy.
Unknown command.
You barely miss Menkaure.
Menkaure is severely damaged.
Menkaure completely misses you.
You hit Menkaure.
You headbutt Menkaure, but do no damage.
Menkaure is severely damaged.
Menkaure points at you and mumbles some strange words.
Pain shoots through your body!
You die...

Skill      XL: |  1  2  3  4  5  6 |
---------------+-------------------+-----
Fighting       | 4 |  4.8
Polearms       | 5 6 |  6.3
Shields        | 2 3 5 |  5.2
Dodging        | |  4.0

Action                     |  1- 3 |  4- 6 |  7- 9 || total
---------------------------+-------+-------+-------++-------
  Melee: Spear             |   117 |   399 |    55 ||   571
         Unarmed           |       |    33 |       ||    33
         Headbutt          |       |       |    13 ||    13
  Evoke: Wand              |       |     3 |       ||     3
    Use: Potion            |       |     4 |       ||     4
   Stab: Sleeping          |       |     2 |       ||     2
 Armour: Ring mail         |    18 |       |       ||    18
         Acid dragon scale |    23 |   137 |    29 ||   189
         Skin              |       |     9 |       ||     9
  Dodge: Dodged            |    53 |   149 |    22 ||   224
  Block: Buckler           |       |    53 |    13 ||    66

Levels and vault maps discovered:
D:1:      lemuel_arrival_river_ford, layout_loops_cross, minmay_ruptured
D:2:      layout_loops_ring, chequers_ecumenical_altar_twisty, st_stairs_14,
          uniq_robin
D:3:      layout_loops_cross, mainiacjoe_overflow_small_starburst, led_xom_imps,
          nrook_campfire
D:4:      layout_cave_pools, grunt_gozag_breadcrumbs, minivault_25,
          minmay_pentangle, uniq_ijyb, uniq_edmund, uniq_menkaure, uniq_pikel

Notes
Turn   | Place    | Note
-------+----------+-------------------------------------------
     0 | D:1      | Stjerneklar the Merfolk Monk began the quest for the Orb.
     0 | D:1      | Reached XP level 1. HP: 18/18 MP: 1/1
   143 | D:1      | Reached XP level 2. HP: 25/25 MP: 2/2
   148 | D:1      | Reached skill level 4 in Fighting
   462 | D:1      | Reached XP level 3. HP: 30/30 MP: 3/3
   797 | D:2      | Reached skill level 5 in Polearms
  1068 | D:2      | Reached XP level 4. HP: 37/37 MP: 4/4
  1149 | D:2      | Found a faded altar of an unknown god.
  1195 | D:2      | Noticed Robin
  1226 | D:2      | Killed Robin
  1227 | D:2      | Reached skill level 1 in Shields
  1231 | D:2      | Reached skill level 6 in Polearms
  1744 | D:3      | Reached skill level 2 in Shields
  1744 | D:3      | Reached XP level 5. HP: 28/42 MP: 5/5
  1794 | D:3      | Found a glowing golden altar of the Shining One.
  2285 | D:3      | Found a shimmering altar of Xom.
  2313 | D:3      | Reached skill level 3 in Shields
  2328 | D:3      | Reached XP level 6. HP: 45/48 MP: 6/6
  2332 | D:3      | Reached skill level 4 in Shields
  2636 | D:3      | Reached skill level 5 in Shields
  2773 | D:4      | Noticed Ijyb
  2912 | D:3      | Killed Ijyb
  3232 | D:4      | Noticed Pikel
  3260 | D:4      | Noticed Edmund
  3295 | D:3      | Gained mutation: You have a pair of small horns on your
                  | head. [potion of mutation]
  3295 | D:3      | Gained mutation: You expend magic power (3 MP) to
                  | strengthen your wands. [potion of mutation]
  3295 | D:3      | Gained mutation: Your system is resistant to poisons.
                  | (rPois) [potion of mutation]
  3295 | D:3      | Gained mutation: Your flesh is heat resistant. (rF+)
                  | [potion of mutation]
  3296 | D:3      | Pikel changed into Pikel the bullfrog
  3296 | D:3      | Noticed Pikel
  3301 | D:3      | HP: 4/49 [Pikel the bullfrog (2)]
  3306 | D:3      | Killed Pikel the bullfrog
  3307 | D:3      | Reached XP level 7. HP: 3/55 MP: 3/7
  3758 | D:4      | Noticed Menkaure
  4036 | D:4      | HP: 3/55 [Menkaure (7)]
  4039 | D:4      | Killed from afar by Menkaure

Vanquished Creatures
  A lemure (D:4)
  A phantom (D:3)
  A bullfrog (D:3)
  4 crimson imps (D:3)
  An orc priest (D:3)
  A sleepcap (D:4)
  Ijyb (D:3)
  An orc wizard (D:4)
  Robin (D:2)
  2 adders
  2 dart slugs
  4 ribbon worms
  8 orcs
  8 endoplasms
  2 giant cockroaches
  12 hobgoblins
  14 jackals
  7 ball pythons
  6 bats
  2 frilled lizards (D:1)
  13 goblins
  5 kobolds
  2 rats (D:1)
99 creatures vanquished.

Table legend: (Time is in decaauts)
 A = Elapsed time spent in this place.
 B = Non-inter-level travel time spent in this place.
 C = Inter-level travel time spent in this place.
 D = Time resting spent in this place.
 E = Time spent auto-exploring this place.
 F = Levels seen in this place.
 G = Mean time per level.
                   A        B        C        D        E       F      G
               +--------+--------+--------+--------+--------+-----+--------+
         Total |   3944 |   3820 |    124 |    873 |   1982 |   4 |  986.0 |
       Dungeon |   3944 |   3820 |    124 |    873 |   1982 |   4 |  986.0 |
               +--------+--------+--------+--------+--------+-----+--------+

Top non-repeatable levels by time:
     D:3: 1921 daAuts
     D:2: 816 daAuts
     D:1: 766 daAuts
     D:4: 440 daAuts

Table legend:
 A = Non-vault XP
 B = Vault XP
 C = Vault XP percentage of total XP
 D = Non-vault monster count
 E = Vault monster count
 F = Vault count percentage of total count
                 A         B        C        D         E       F
            +---------+---------+-------+---------+---------+-------
      Total |     388 |     361 |  48.2 |      76 |      22 |  22.4
            +---------+---------+-------+---------+---------+-------
        D:1 |      34 |       2 |   5.6 |      21 |       2 |   8.7
        D:2 |      56 |      40 |  41.7 |      21 |      14 |  40.0
        D:3 |     193 |     319 |  62.3 |      20 |       6 |  23.1
        D:4 |     105 |       0 |   0.0 |      14 |       0 |   0.0
            +---------+---------+-------+---------+---------+-------
